 Dungeon Crawl Stone Soup version 0.23.1 (webtiles) character file.

Game seed: 11790345932741906946

53 Kairos the Sneak (level 3, 0/18 HPs)
             Began as a Vine Stalker Assassin on Mar 17, 2019.
             Hit by a tomahawk thrown by an orc (5 damage)
             ... on level 3 of the Dungeon.
             The game lasted 00:02:09 (1340 turns).

Kairos the Sneak (Vine Stalker Assassin)            Turns: 1340, Time: 00:02:10

Health: 0/18       AC:  6    Str: 13    XL:     3   Next: 87%
Magic:  0/4        EV:  9    Int: 11    God:
Gold:   71         SH:  3    Dex: 16    Spells: 2/2 levels left

rFire    . . .     SeeInvis +   p - +1 dagger (venom)
rCold    . . .     Gourm    .   u - +0 buckler
rNeg     . . .     Faith    .   i - +0 ring mail
rPois    .         Spirit   +   (no helmet)
rElec    .         Reflect  .   d - +0 cloak
rCorr    .         Harm     .   (no gloves)
MR       .....                  (no boots)
Stlth    ++++......             (no amulet)
HPRegen  0.06/turn              j - ring of stealth
MPRegen  0.09/turn              l - ring of see invisible

@: no status effects
A: fangs 2, magic shield, antimagic bite, no potion heal 3, rot immunity
a: no special abilities


You were on level 3 of the Dungeon.
You were very hungry.

You visited 1 branch of the dungeon, and saw 3 of its levels.

You collected 71 gold pieces.

Inventory:

Hand Weapons
 a - a +2 dagger
 b - a +0 blowgun
 m - a +1 dagger of protection
 p - a +1 dagger of venom (weapon)
 q - a +1 dagger of freezing
Missiles
 e - 8 poisoned needles
 f - 2 curare-tipped needles
Armour
 c - a +0 robe
 d - a +0 cloak (worn)
 i - a +0 ring mail (worn)
 u - a +0 buckler (worn)
Jewellery
 j - a ring of stealth (left hand)
 l - a ring of see invisible (right hand)
Scrolls
 h - a scroll of fear {unknown}
 k - a scroll of identify {unknown}
 n - 2 scrolls of enchant armour {unknown}
 o - 2 scrolls of remove curse {unknown}
 t - a scroll of noise {unknown}
Potions
 r - 2 potions of heal wounds {unknown}
 s - a potion of ambrosia {unknown}
Comestibles
 g - 4 rations


   Skills:
 + Level 2.0 Fighting
 + Level 2.1 Short Blades
 + Level 1.9 Throwing
 + Level 1.0 Dodging
 + Level 6.1 Stealth


You had 2 spell levels left.
You didn't know any spells.
Your spell library was empty.

Dungeon Overview and Level Annotations

Branches:
Dungeon (3/15)

Altars:
Okawaru


Innate Abilities, Weirdness & Mutations

You have extremely sharp teeth.
When hurt, damage is shared between your health and your magic reserves.
Your bite disrupts and absorbs the magic of your enemies.
Potions cannot restore your health.
You are immune to rotting.


Message History

Your bite misses the orc. You closely miss the orc wizard.
Your bite misses the orc wizard. The orc closely misses you.
The orc wizard closely misses you.
Your ring mail prevents you from hitting the orc.
You bite the orc, but do no damage.
The orc is heavily wounded.
The orc barely misses you.
The orc hits you with a +0 quarterstaff.
The orc wizard gestures at you while chanting.
The magic dart hits you. The orc barely misses you.
You hit the orc.
You kill the orc!
The orc wizard hits you but does no damage.
The orc hits you with a +0 club. You block the orc's attack.
The orc wizard hits you with a +0 dagger.
* * * LOW HITPOINT WARNING * * *
You are too injured to fight recklessly!
The orc wizard looks satisfied for a moment.
The orc throws a tomahawk.
The tomahawk hits you.
You die...

.....>..........#
... #..............#
...##...#......<...#
..............)....#
............########
................#
#.............#
#.............#
#......@..(...#
#...$.o.......##
#....o.o.(.....#
.................#
.................#
..$..............#
#########..........
#......#....
#......#.####


You could see an orc wizard and 2 orcs.

Vanquished Creatures
  3 adders (D:2)
  2 orcs (D:3)
  A ball python (D:1)
  A bat (D:1)
  2 giant cockroaches
  A goblin (D:1)
  2 hobgoblins (D:2)
  2 jackals (D:3)
  2 frilled lizards
  5 kobolds
  3 rats
24 creatures vanquished.

Notes
Turn   | Place    | Note
-------+----------+-------------------------------------------
     0 | D:1      | Kairos the Vine Stalker Assassin began the quest for the
                  | Orb.
     0 | D:1      | Reached XP level 1. HP: 11/11 MP: 2/2
     1 | D:1      | Noticed an ice dragon
     3 | D:1      | Noticed an iron dragon
     5 | D:1      | Noticed a shadow dragon
     6 | D:1      | Noticed a black draconian
     8 | D:1      | Noticed a shadow dragon
    10 | D:1      | Noticed an iron dragon
    10 | D:1      | Noticed a tentacled monstrosity
    12 | D:1      | Noticed an orb of fire
    12 | D:1      | Noticed an iron dragon
    14 | D:1      | Noticed a purple draconian
    16 | D:1      | Noticed an orb of fire
    16 | D:1      | Noticed an iron dragon
    18 | D:1      | Noticed a white draconian
    18 | D:1      | Noticed an ice dragon
    20 | D:1      | Noticed an orb of fire
   161 | D:1      | Reached skill level 1 in Dodging
   200 | D:1      | Reached skill level 5 in Stealth
   333 | D:1      | Reached XP level 2. HP: 15/15 MP: 3/3
   723 | D:2      | Reached XP level 3. HP: 18/18 MP: 4/4
   795 | D:2      | Reached skill level 6 in Stealth
   797 | D:2      | Found an iron altar of Okawaru.
  1340 | D:3      | Hit by a tomahawk thrown by an orc

Skill      XL: |  1  2  3 |
---------------+----------+-----
Dodging        | 1 |  1.0
Stealth        | 5 6 |  6.1
Short Blades   | 2 |  2.1
Fighting       | 2 |  2.0
Throwing       | |  1.9

Action                   || total
-------------------------++-------
Melee: Dagger            ||    59
       Bite              ||     7
 Stab: Sleeping          ||    11
Armor: Ring mail         ||    20
Dodge: Dodged            ||    22
Block: Buckler           ||     2
